 Dungeon Crawl Stone Soup version 0.19.1-1-g22dce08 (webtiles) character file.

205 Patate the Covert (level 5, -2/24 HPs)
             Began as a Spriggan Enchanter on Dec 28, 2016.
             Slain by Grinder (5 damage)
             ... while paralysed by Grinder
             ... on level 4 of the Dungeon on Jan 2, 2017.
             The game lasted 00:13:32 (4905 turns).

Patate the Covert (Spriggan Enchanter)              Turns: 4905, Time: 00:13:33

Health: -2/24      AC:  3    Str:  5    XL:     5   Next: 52%
Magic:  8/10       EV:  4    Int: 16    God:
Gold:   102        SH:  0    Dex: 17    Spells: 3 memorised, 3 levels left

rFire  + . .     SeeInvis +     a - +1 dagger
rCold  . . .     Gourm    .     b - +1 robe
rNeg   . . .     Faith    .     (shield restricted)
rPois  .         Spirit   .     (helmet restricted)
rElec  .         Reflect  .     (no cloak)
rCorr  .         Harm     .     (gloves unavailable)
MR     .....                    (boots unavailable)
Stlth  ++++......               (no amulet)
                                (no ring)
                                n - ring of protection from fire

@: paralysed, very quick
A: unfitting armour, see invisible, herbivore 3, speed 3, slow metabolism 2
a: no special abilities


You were on level 4 of the Dungeon.
You were not hungry.

You visited 1 branch of the dungeon, and saw 4 of its levels.

You collected 102 gold pieces.

Inventory:

Hand Weapons
 a - a +1 dagger (weapon)
Armour
 b - a +1 robe (worn)
Jewellery
 n - a ring of protection from fire (left hand)
 p - an uncursed ring of protection from cold {unknown}
Scrolls
 d - a scroll of fear {unknown}
 e - a scroll of random uselessness {unknown}
 f - 5 scrolls of remove curse
 g - a scroll of noise {unknown}
 h - 2 scrolls of recharging {unknown}
 i - a scroll of teleportation {unknown}
 m - a scroll of fog {unknown}
 o - 2 scrolls of enchant weapon {unknown}
 s - a scroll of identify
Potions
 j - a potion of agility {unknown}
 k - a potion of curing {unknown}
 l - a potion of ambrosia {unknown}
 q - a potion of heal wounds {unknown}
 r - a potion of lignification {unknown}
Books
 c - a book of Maledictions

   Spells                             Type                      Level
   a - Corona                         Hexes                        1
   b - Ensorcelled Hibernation        Hexes/Ice                    2
   c - Confuse                        Hexes                        3
   d - Tukima's Dance                 Hexes                        3
   e - Dazzling Spray                 Conjuration/Hexes            3


   Skills:
 - Level 1.1 Short Blades
 + Level 5.6 Dodging
 * Level 8.2 Stealth
 - Level 2.6 Spellcasting
 - Level 3.6 Hexes


You had 3 spell levels left.
You knew the following spells:

 Your Spells              Type           Power        Failure   Level  Hunger
a - Corona                Hex            ##.....      6%          1    #......
b - Ensorcelled Hibernat  Hex/Ice        #.....       17%         2    ##.....
c - Confuse               Hex            ##......     14%         3    ###....


Dungeon Overview and Level Annotations

Branches:
Dungeon (4/15)
 Temple: D:4-7

Altars:

Annotations:
D:4 Grinder; Rincer's ghost, amateur GrEE


Innate Abilities, Weirdness & Mutations

You are very small and have problems with some larger weapons.
You are too small for most types of armour.
You have supernaturally acute eyesight. (SInv)
You are a herbivore.
You cover ground extremely quickly.
You need consume almost no food.


Message History

Grinder is almost dead.
Grinder gestures at you. You resist with significant effort.
You hit Grinder but do no damage.
Grinder is almost dead.
Grinder blinks!
Grinder misses you.
You barely miss Grinder.
Grinder is almost dead.
Grinder blinks!
Grinder gestures at you. You resist with some effort. Grinder gestures at you.
You suddenly lose the ability to move!
Grinder hits you! Grinder hits you.
You writhe in agony.
Grinder hits you!
* * * LOW HITPOINT WARNING * * *
You writhe in agony.
You die...

#......)>##'##...#....#
######+##........#..#....+....#
.................#..##...##...#
.............#'###..##...##...#
.............#..##..##........#
........<....#..'...#.........#
.............'..#<..#.........#
.............#########.####...#
...# ####.......@5..#######...#
...# #...........# #......#
...# #.........).# #......#
...####+#...........# #......#
.......(....!.......# #......#
....................# #......#
.........####+#.....#+#####...#
.........# . #...........#...#
...####+##. #...........#...#


You could see Grinder.

Vanquished Creatures
  A hound (D:4)
  A worker ant (D:4)
  5 adders
  An ooze (D:3)
  An adder skeleton (D:4)
  4 worms
  5 leopard geckos
  3 orcs
  4 bats
  3 giant cockroaches
  9 goblins
  8 hobgoblins
  5 jackals
  7 kobolds
  A quokka (D:3)
  13 frilled lizards
  13 rats
84 creatures vanquished.

Notes
Turn   | Place    | Note
-------+----------+-------------------------------------------
     0 | D:1      | Patate the Spriggan Enchanter began the quest for the Orb.
     0 | D:1      | Reached XP level 1. HP: 9/9 MP: 5/5
   483 | D:1      | Reached skill level 5 in Stealth
   486 | D:1      | Reached XP level 2. HP: 8/13 MP: 4/6
   614 | D:1      | Learned a level 2 spell: Ensorcelled Hibernation
  1227 | D:1      | Reached XP level 3. HP: 16/16 MP: 8/8
  1363 | D:1      | Learned a level 3 spell: Confuse
  1655 | D:2      | Reached skill level 6 in Stealth
  3286 | D:3      | Reached XP level 4. HP: 21/21 MP: 6/9
  3720 | D:3      | Found a faded altar of an unknown god.
  4241 | D:4      | Reached skill level 5 in Dodging
  4241 | D:4      | Reached skill level 7 in Stealth
  4357 | D:3      | Reached XP level 5. HP: 19/24 MP: 1/10
  4468 | D:4      | Noticed Rincer's ghost (amateur GrEE)
  4686 | D:4      | Reached skill level 8 in Stealth
  4876 | D:4      | Noticed Grinder
  4902 | D:4      | Paralysed by Grinder for 7 turns
  4905 | D:4      | Slain by Grinder

Skill      XL: |  1  2  3  4  5 |
---------------+----------------+-----
Stealth        | 5 6 7 8 |  8.2
Dodging        | 4 5 |  5.6
Short Blades   | |  1.1
Spellcasting   | |  2.6
Hexes          | |  3.6

Action                   |  1- 3 |  4- 6 || total
-------------------------+-------+-------++-------
Melee: Dagger            |   262 |   163 ||   425
 Cast: Corona            |     4 |       ||     4
       Ensorcelled Hiber |    14 |    14 ||    28
       Confuse           |       |     5 ||     5
  Use: Scroll            |     2 |       ||     2
 Stab: Sleeping          |    15 |    13 ||    28
       Confused          |       |     2 ||     2
  Eat: Bread ration      |       |     1 ||     1
Armor: Robe              |    20 |    11 ||    31
Dodge: Dodged            |   217 |   176 ||   393
